[Event "Chessable English Open-ch 2022"]
[Site "Kenilwoth"]
[Date "2022.05.21"]
[Round "6.8"]
[White "Shearsby, Jude"]
[Black "Hackner, Oskar A"]
[Result "0-1"]
[ECO "C14"]
[WhiteElo "1849"]
[BlackElo "2177"]
[Annotator "TA"]
[PlyCount "68"]
[EventDate "2022.05.18"]
[EventType "swiss"]
[EventCountry "ENG"]
[SourceTitle "playchess.com"]
[Source "ChessBase"]
[SourceQuality "1"]
[TimeControl "5400+30"]

1. e4 e6 2. d4 d5 3. Nc3 Nf6 4. Bg5 Be7 5. e5 Nfd7 6. h4 Nc6 {[%emt 0:00:05] C14: French: Classical System: 4 Bg5 Be7 main line.} 7. Nh3 (7. Qd2 $14) 7... h6 $11 8. Be3 Ndxe5 9. dxe5 $16 d4 {[%emt 0:00:14] [#]} 10. Bxd4 $146 ({Predecessor:} 10. Qg4 dxe3 11. Rd1 Bd7 12. Qxg7 Rf8 13. Bd3 Bb4 14. Nf4 exf2+ 15. Kxf2 Qe7 16. Ne4 {0-1 (43) Sideris,T (1978)-Korniotis Stavroulakis,F (2095) Athens 2016}) 10... Qxd4 $15 ({Don't play} 10... Nxd4 11. Qd3 $11) 11. Qxd4 Nxd4 12. O-O-O Nc6 13. Bb5 {[%emt 0:10:48] Black keeps a firm grip on the game.} (13. f4 $15 {is superior.}) 13... Bd7 $17 14. Rhe1 Bxh4 15. g3 Be7 16. f4 O-O-O 17. Nf2 g5 18. Nfe4 gxf4 19. gxf4 h5 20. Rh1 h4 21. Rh3 Rdg8 22. Be2 Nb4 23. Rh2 (23. Bf3 {keeps fighting.}) 23... Bc6 24. a3 {[%emt 0:01:58] [#]} (24. Bd3 {was called for.}) 24... Nd5 (24... Na2+ $142 $1 25. Kd2 Nxc3 26. Nxc3 Rg3) 25. Nxd5 $19 Bxd5 26. Nc3 (26. Bf3) 26... Bg2 27. Bd3 Bc5 {[%emt 0:00:39] aiming for ...Be3+.} 28. Re1 {[%emt 0:00:31] Prevents Be3+.} h3 {[%emt 0:01:18] White must now prevent ...Bf2. Black is clearly winning.} 29. Nd1 {[%emt 0:00:22] Against Bf2} Rg3 30. b4 Bb6 31. a4 Bc6 {[%emt 0:01:04] And now ...Bg1 would win.} 32. Be4 (32. Bf1 $142) 32... Rg1 33. Ree2 Bxe4 34. Rxe4 Rd8 {[%emt 0:00:09] Weighted Error Value: White=0.53/Black=0.12 (very precise)} 0-1

[Event "Chessable English Open-ch 2022"]
[Site "Kenilwoth"]
[Date "2022.05.21"]
[Round "6.9"]
[White "Okhai, Shabir"]
[Black "Duncan, Patrick C M"]
[Result "1-0"]
[ECO "B12"]
[WhiteElo "2121"]
[BlackElo "2013"]
[Annotator "TA"]
[PlyCount "133"]
[EventDate "2022.05.18"]
[EventType "swiss"]
[EventCountry "ENG"]
[SourceTitle "playchess.com"]
[Source "ChessBase"]
[SourceQuality "1"]
[TimeControl "5400+30"]

1. e4 c6 2. d4 d5 3. e5 Bf5 4. Nd2 e6 5. Nb3 Nd7 6. Nf3 Ne7 {[%emt 0:14:16] B12: Caro-Kann: Advance Variation.} 7. Be2 f6 8. exf6 gxf6 {[%emt 0:03:28] White is slightly better.} 9. Nh4 Bg6 10. Bg4 e5 {[%emt 0:08:06] [#]} (10... f5 $14) 11. O-O $146 ({Predecessor:} 11. dxe5 fxe5 12. Bg5 Bg7 13. O-O Rf8 14. Qe2 e4 15. Nxg6 hxg6 16. c4 Bf6 17. Bh6 {1-0 (28) Malakhov,V (2690)-Yevseev,D (2572) Tomsk 2006}) 11... f5 (11... Bf7 $16) 12. Bh3 $1 $18 {[%emt 0:04:14] dxe5 is the strong threat.} e4 (12... Bg7 $142 13. Bg5 O-O) 13. Bg5 Qc7 14. Rc1 O-O-O 15. c4 (15. f3 $18) 15... dxc4 $14 16. Rxc4 (16. Nxg6 hxg6 17. Rxc4 Re8 $19) 16... Kb8 17. Qc1 Ka8 18. Rc2 (18. Nxg6 hxg6 19. f3 exf3 20. Rxf3 Rc8 $17) 18... Nb6 19. Nc5 {[%emt 0:03:27] Hoping for Ne6.} (19. Nxg6 hxg6 20. Nc5 Qd6 $15) 19... Qd6 {[%emt 0:04:30] Prevents Ne6.} 20. Bf4 (20. Nxg6 hxg6 21. Bf4 Qd5 $17) (20. f3 $1 $14 {should be considered.} e3 21. Qxe3) 20... Qd5 (20... Qf6 $11 21. Be5 Qxh4 22. Bxh8 Bh6) 21. Bc7 (21. Nxg6 hxg6 22. f3 exf3 $17) (21. f3 $1 $14 exf3 22. Nxf3) 21... Re8 $11 22. Be5 {[%emt 0:00:50] Inhibits Bg7.} Rg8 23. a4 (23. Nxg6 Nxg6 24. Bc7 (24. Bxf5 Nxe5 25. dxe5 Qxe5 $17) 24... Bg7 $15) 23... Nd7 24. Nxd7 (24. Nxg6 hxg6 25. Nxd7 Qxd7 $15) 24... Qxd7 25. b4 Bg7 (25... Nd5 $15 26. b5 c5) 26. b5 ({Better is} 26. Bxg7 Rxg7 27. b5) 26... Bxe5 ({Resist} 26... cxb5 27. Rc7 Qd8 28. Bxg7 $14 (28. axb5 $2 Bxe5 29. dxe5 Nd5 $19) (28. Nxg6 hxg6 29. Bxg7 Rxg7 $11)) 27. dxe5 Rc8 28. Rd1 Qe6 $36 {[%emt 0:00:08][%mdl 2048] Black has some pressure.} 29. f4 (29. Qb2 $11 {remains equal.}) 29... exf3 ({Black should play} 29... cxb5 $17 {aiming for ...Qb3.} 30. axb5 Nd5) 30. Nxf3 cxb5 31. axb5 Qb6+ 32. Kh1 Qxb5 33. Rxc8+ Rxc8 34. Qa3 Qc5 35. Qb3 (35. Qb2 $17) 35... Qc2 $19 36. Qxc2 Rxc2 37. Nd4 Rc8 38. Re1 a6 39. g3 (39. g4 {might work better.} fxg4 40. Bxg4) 39... Ka7 40. Bg2 b5 41. Kg1 Kb6 42. Ne6 Bf7 43. Ng5 Bg8 44. Rd1 Rc7 $2 (44... a5 $19 {White must now prevent ...a4.} 45. e6 a4 46. Rd6+ Kc5) 45. Rd6+ $2 {[%emt 0:00:43] [#]} (45. e6 $1 $11) 45... Ka7 $2 ({Black should try} 45... Kc5 $1 $19 {Threatens to win with ...b4.} 46. Rxa6 b4) 46. e6 $11 h6 47. Nf7 Nc8 (47... Rc1+ 48. Kf2 Rc2+ 49. Ke1 $16) 48. Rd8 Bxf7 {[%emt 0:00:51][%mdl 8192] [#]} ({Much less strong is} 48... Rc1+ 49. Kf2 Bh7 50. Bf3 $16 (50. Nxh6 Kb6 $16)) (48... Ne7 $11) 49. exf7 $2 (49. Rd7 $1 $18 {[%cal Rd7c7] is the precise move to win.} Bxe6 50. Rxc7+ Kb6 51. Rc6+ Ka5 52. Rxe6) 49... Rxf7 $16 50. Rxc8 $11 {[%emt 0:00:03][%mdl 4096] Endgame KRB-KR. White is more active.} Rf6 (50... f4 $16) 51. Kf2 $18 f4 $2 (51... Kb6 52. Ke3 Rd6) 52. g4 Kb6 (52... f3 $142) 53. Be4 a5 54. h4 {[%emt 0:00:19][%cal Bh2h4,Bh4g5,Bg5g6][%mdl 32] Strongly threatening g5.} a4 55. g5 hxg5 56. hxg5 {[%emt 0:00:04] White mates.} Rf7 57. g6 Rg7 58. Ra8 Kc5 59. Kf3 Kb4 60. Kxf4 Kb3 61. Kf5 b4 62. Bd5+ Ka3 63. Bc6 b3 64. Rxa4+ Kb2 65. Bd5 Kc3 66. Ra3 Kd4 67. Bxb3 {[%emt 0:05:45] What a bad dream for Black.  Weighted Error Value: White=0.46/Black=0.47} 1-0

[Event "Chessable English Open-ch 2022"]
[Site "Kenilwoth"]
[Date "2022.05.21"]
[Round "6.10"]
[White "Southcott-Moyers, Indy"]
[Black "Khoury, Theo"]
[Result "1/2-1/2"]
[ECO "A61"]
[WhiteElo "2028"]
[BlackElo "1927"]
[Annotator "TA"]
[PlyCount "75"]
[EventDate "2022.05.18"]
[EventType "swiss"]
[EventCountry "ENG"]
[SourceTitle "playchess.com"]
[Source "ChessBase"]
[SourceQuality "1"]
[TimeControl "5400+30"]

1. d4 Nf6 2. c4 c5 3. d5 e6 4. Nc3 exd5 5. cxd5 d6 6. Nf3 g6 7. Bf4 a6 8. a4 Bg7 9. h3 O-O 10. e3 Ne8 {[%emt 0:00:46] A61: Modern Benoni: Nf3 without early e4.} 11. Be2 Nd7 12. O-O Ne5 {[%emt 0:01:32] White is slightly better.} 13. e4 {[%emt 0:12:38] Recently 13.Bxe5 got a lot of attention.} Nxf3+ 14. Bxf3 {[%emt 0:00:28] [#]} Be5 $146 ({Predecessor:} 14... Rb8 15. Be2 Nc7 16. a5 b5 17. axb6 Rxb6 18. Qd2 Re8 19. Bd3 Bd7 20. Rfb1 Qe7 {0-1 (65) Kaufman,L (2329)-Ortiz Suarez,I (2588) Arlington 2014}) 15. Qd2 Qe7 16. Rfe1 Bd7 17. a5 Bb5 18. Be2 {[%emt 0:03:10] White is more active.} (18. Bh6 {keeps more tension.} Ng7 19. Rac1 Rac8 20. b4) 18... Bxe2 19. Rxe2 Nc7 20. Bg5 Qd7 {[%emt 0:02:32] [#]} (20... f6 $1 $11 {remains equal.} 21. Be3 Rad8) 21. Na4 $1 $16 Qb5 {[%emt 0:06:38] [#]} 22. Nb6 $1 Rab8 23. Rb1 (23. Rc1 $16) 23... Na8 $11 24. Nxa8 $1 Rxa8 25. Ree1 Rfe8 26. Bf4 Qa4 27. Bxe5 Rxe5 28. b4 cxb4 29. Qxb4 Qxb4 30. Rxb4 Rae8 31. Rxb7 ({White should try} 31. Kf1 $14) 31... Rxd5 $1 {[%emt 0:00:24] The position is equal.} 32. exd5 Rxe1+ $14 {[%emt 0:00:09][%mdl 4096] Endgame KR-KR} 33. Kh2 Ra1 34. Rb6 Rxa5 35. Rxd6 Kf8 36. Rd7 Ke8 37. Ra7 Rxd5 38. Rxa6 {[%emt 0:00:08] Weighted Error Value: White=0.14 (very precise) /Black=0.14 (very precise)} 1/2-1/2

[Event "Chessable English Open-ch 2022"]
[Site "Kenilwoth"]
[Date "2022.05.21"]
[Round "6.11"]
[White "Watson, Jacob"]
[Black "Thompson, Ian D"]
[Result "0-1"]
[ECO "C01"]
[WhiteElo "1922"]
[BlackElo "2074"]
[Annotator "TA"]
[PlyCount "170"]
[EventDate "2022.05.18"]
[EventType "swiss"]
[EventCountry "ENG"]
[SourceTitle "playchess.com"]
[Source "ChessBase"]
[SourceQuality "1"]
[TimeControl "5400+30"]

1. e4 e6 2. d4 d5 3. exd5 exd5 4. c4 Bb4+ 5. Nc3 Qe7+ 6. Be3 (6. Be2 $5 ) 6... Nf6 {[%emt 0:03:24] C01: French: Exchange Variation.} 7. h3 (7. Nf3 $11) 7... c6 8. Bd3 {[%emt 0:01:52] [#]} dxc4 $146 {[%emt 0:06:10] The position is equal.} ({Predecessor:} 8... Be6 9. c5 b6 10. cxb6 axb6 11. Nge2 O-O 12. O-O c5 13. a3 Bxc3 14. Nxc3 Nc6 {1-0 (51) Plenca,J (2154)-Cenkovcan,A (1911) Vukovar 2013}) 9. Bxc4 Be6 10. Bxe6 Qxe6 11. Nge2 O-O 12. O-O Nbd7 13. Qc2 (13. d5 $5 Nxd5 14. Nxd5 Qxd5 15. Qxd5 cxd5 16. Nf4 $11) 13... Nb6 14. Nf4 Qd7 15. Nd3 Be7 16. Ne5 Qc7 17. Rac1 Nbd5 18. Qb3 Rad8 19. Bg5 Qb6 20. Qxb6 axb6 21. Rfd1 b5 22. Ne2 (22. Ra1 $15) 22... h6 $17 23. Bh4 Ra8 24. a3 Rfd8 25. Nd3 Re8 {[%emt 0:29:33][%cal Oe7a3] Black is more active.} 26. Nc3 $2 ({Better is} 26. Bxf6 $15 Bxf6 27. Rc2) 26... Nxc3 $19 27. bxc3 Bxa3 {[%emt 0:00:00] Threatens to win with ...g5.} ({Not} 27... Rxa3 28. Bxf6 Bxf6 29. Rc2 $17) 28. Rc2 Ne4 ({Black should try} 28... Nd5 $19 29. Bg3 Bf8) 29. Rb1 g5 30. Bg3 Nxg3 31. fxg3 Bd6 32. Kf2 Ra4 33. Rb3 {[%emt 0:01:18] [#]} (33. g4 $17) 33... Rea8 (33... Bxg3+ $1 $19 34. Kxg3 Re3+ 35. Kf2 Rxd3) 34. Kf3 Ra2 35. Rc1 (35. Rxa2 $17 Rxa2 36. g4) 35... Re8 36. c4 (36. Rb2 {was called for.} Raa8 37. Rcc2) 36... bxc4 37. Rxc4 Ra3 (37... Ree2 $19 38. Rxb7 Rxg2) 38. Rxa3 $17 Bxa3 {[%emt 0:00:00][%mdl 4096] Endgame KRB-KRN} 39. Ra4 Bd6 40. Ra7 Re7 41. Nc5 Bxc5 42. dxc5 {[%emt 0:00:06] KR-KR} Kg7 43. Ra3 Kf6 44. Rd3 Re5 45. Rb3 (45. Rc3 $17 {was worth a try.}) 45... Rxc5 $19 {[%emt 0:00:18] And now ...b5 would win.} 46. Rxb7 Rc3+ $1 47. Kf2 h5 $1 48. Rd7 Ke6 {[%emt 0:00:59] Prevents Rd6+.} (48... g4 $19 49. Rd4 Rc2+ 50. Kf1 Kg5) 49. Rd8 $17 Rc4 50. Rd3 $2 ({White should play} 50. Rh8 $15) 50... f5 $19 51. Ke3 Ke5 52. Rd8 Rc3+ 53. Kf2 Rc2+ 54. Kf1 h4 (54... c5 $19 {has better winning chances. aiming for ...c4.} 55. Re8+ Kd4 56. Rd8+ Ke3 57. Re8+ Kd2 58. Rd8+ Kc1) 55. gxh4 gxh4 {[%emt 0:00:03] White must now prevent ...c5.} 56. Rh8 Rc4 $1 57. Ke2 c5 (57... Re4+ $142 58. Kd3 Rd4+ 59. Kc3 Re4) 58. Kd3 (58. Rh5 $142) 58... Rd4+ $1 $17 59. Kc3 (59. Kc2 $142) 59... Re4 60. Rc8 $2 (60. Kd3 $17) 60... Re3+ $2 (60... Kf4 $1 $19 61. Kd3 (61. Rxc5 $2 Re2 $19) 61... Re3+ 62. Kd2 Rg3 63. Rxc5 Rxg2+ 64. Ke1 Rg3) 61. Kd2 $1 $11 Rg3 62. Rxc5+ Kf4 63. Rc4+ Kg5 64. Ke1 (64. Rc8 $1 $11) 64... Rxg2 $17 65. Kf1 Rg3 $1 66. Rc8 Rxh3 {[%emt 0:00:09] Hoping for ...Rh2.} 67. Kg2 {[%emt 0:00:23] Prevents Rh2+.} Ra3 (67... Rg3+ $19 68. Kf2 Ra3) 68. Rc4 (68. Rg8+ $17 Kf4 69. Rh8) 68... h3+ 69. Kh2 f4 70. Rc8 Kg4 71. Rg8+ Kf3 $1 {[%emt 0:00:12] ...Ke2 is the strong threat.} 72. Kxh3 $2 (72. Rb8 $19) 72... Kf2+ $2 (72... Ke2+ {mates} 73. Kh2 f3 74. Rf8 Ra1 75. Re8+ Kf1 76. Rh8 f2 77. Rf8 Ke2 78. Re8+ Kd3 79. Rd8+ Ke4 80. Re8+ Kd4 81. Rd8+ Ke5 82. Re8+ Kd6 83. Rf8 f1=Q 84. Rxf1 Rxf1 85. Kg3 Ke5 86. Kg4 Rf7 87. Kg3 Ke4 88. Kg2 Ke3 89. Kg3 Rf4 90. Kg2 Rf3 91. Kg1 Rg3+ 92. Kh1 Kf3 93. Kh2 Kf2 94. Kh1 Rh3#) 73. Kh2 $1 $11 f3 74. Rb8 Re3 75. Rb1 $1 Re2 76. Rb3 $2 {[%emt 0:00:51][%mdl 8192] [#]} (76. Rb7 $11) 76... Kf1+ $1 ({Stronger than} 76... Ke1+ 77. Kg3 $11) 77. Kg3 f2 {[%emt 0:00:08] ( -> ...Kg1)} 78. Kh2 Re8 {[%emt 0:01:03] Black mates.} 79. Rb1+ Ke2 80. Rb2+ Kf3 81. Rb3+ {[%emt 0:00:39] [#]} Re3 $1 82. Rb1 Re1 83. Rb3+ Ke4 84. Rb4+ Kd3 85. Rb3+ Kc4 {[%emt 0:00:15] Weighted Error Value: White=0.44/Black=0.37} 0-1

[Event "Chessable English Open-ch 2022"]
[Site "Kenilwoth"]
[Date "2022.05.21"]
[Round "6.12"]
[White "Zheng, Harry Z"]
[Black "Wells, Daniel J"]
[Result "1/2-1/2"]
[ECO "B33"]
[WhiteElo "1915"]
[BlackElo "2020"]
[Annotator "TA"]
[PlyCount "89"]
[EventDate "2022.05.18"]
[EventType "swiss"]
[EventCountry "ENG"]
[SourceTitle "playchess.com"]
[Source "ChessBase"]
[SourceQuality "1"]
[TimeControl "5400+30"]

1. e4 c5 2. Nf3 Nc6 3. d4 cxd4 4. Nxd4 Nf6 5. Nc3 e5 6. Ndb5 d6 7. Bg5 a6 8. Na3 b5 9. Nd5 Be7 10. Bxf6 Bxf6 11. c4 b4 {[%emt 0:00:00] B33: Sicilian: Pelikan and Sveshnikov Variations.} 12. Nc2 O-O $1 {[%emt 0:00:00][%mdl 4] outshines the older 12...a5.} 13. g3 Bg5 14. Bg2 ({But not} 14. Ncxb4 Nxb4 15. Nxb4 Qb6 $17) 14... a5 15. O-O Ne7 16. h4 Bh6 17. Nce3 Bxe3 18. Nxe3 Be6 19. Qd3 Qb6 20. Nf5 Bxf5 21. exf5 {[%emt 0:00:13] Black must now prevent f6.} Rac8 {[%emt 0:00:00] [#]} 22. b3 $146 ({Predecessor:} 22. Rad1 Rfd8 23. Rd2 f6 24. Rfd1 Kf8 25. g4 Nc6 26. g5 Nd4 27. Kh2 b3 28. gxf6 gxf6 {1-0 (37) Shirov,A (2710)-Muzychuk,M (2483) Caleta 2012}) 22... Rfd8 23. Rad1 Rc5 24. Qe4 f6 25. Rd2 Nc6 26. h5 h6 $1 27. g4 Qc7 28. Qc2 Nd4 29. Qd1 a4 30. Bd5+ Rxd5 31. cxd5 Qc5 32. bxa4 Ra8 33. Rxd4 exd4 $11 {[%emt 0:01:02][%mdl 4096] Endgame KQR-KQR} 34. Qb3 {[%emt 0:02:01] Prevents Qc4.} ({White should play} 34. Re1 $11) 34... Qc3 (34... Re8 $1 $15 35. Rd1 Re4) 35. Rd1 $1 Re8 36. Kg2 Re4 37. Rd3 $1 Qe1 (37... Rxg4+ $2 38. Kf3 Qxb3 39. Rxb3 $16 (39. axb3 Rh4 $18)) (37... Qa1 $11) 38. Rg3 $2 {[%emt 0:00:48][%mdl 8192] [#]} (38. Qd1 $16) 38... Rf4 $2 (38... Re2 39. Rf3 Rd2) 39. Qc2 (39. Rf3 {is a better defense.} Qe4 40. Qd3 Rxg4+ 41. Kf1) 39... Re4 $2 (39... d3 $1 $19 40. Rxd3 Rxg4+ 41. Rg3 Rh4) 40. Qd3 Rf4 41. Qf1 {[%emt 0:01:07][%mdl 8192] [#]} (41. f3 $11) 41... Qe4+ $2 (41... Qd2 $1 $19 {[%cal Rd2a2] is more deadly.} 42. g5 hxg5) 42. Kh3 $2 (42. f3 $17 {nothing else works.} Qc2+ 43. Kh3) 42... Qxd5 $2 (42... d3 $19 43. Rxd3 Rxg4) 43. Qe1 (43. Qg2 $1 $11 Qxa2 44. Qa8+ Kh7 45. Qe8) 43... Qxa2 $2 (43... Kh7 $19 {Strongly threatening ...d3.} 44. Kh4 d3) 44. Qe8+ Kh7 45. Qg6+ {[%emt 0:00:50] Weighted Error Value: White=0.73/Black=0.75} 1/2-1/2

[Event "Chessable English Open-ch 2022"]
[Site "Kenilwoth"]
[Date "2022.05.21"]
[Round "6.13"]
[White "Ireland, David J"]
[Black "Shenbagakumar, Gautham"]
[Result "1/2-1/2"]
[ECO "D55"]
[WhiteElo "2000"]
[BlackElo "1700"]
[Annotator "TA"]
[PlyCount "128"]
[EventDate "2022.05.18"]
[EventType "swiss"]
[EventCountry "ENG"]
[SourceTitle "playchess.com"]
[Source "ChessBase"]
[SourceQuality "1"]
[TimeControl "5400+30"]

1. d4 Nf6 2. Nf3 d5 3. c4 e6 4. Bg5 Be7 5. Nc3 b6 6. cxd5 exd5 7. e3 Bb7 8. Bd3 Nbd7 9. O-O O-O 10. Rc1 c5 11. Re1 Re8 {[%emt 0:00:34] D55: Queen's Gambit Declined: 4 Bg5 Be7: Lines without ...h6 and 6...h6 7 Bxf6.} 12. Bb1 {[%emt 0:02:15] [#]} Qc7 $146 ({Predecessor:} 12... Nf8 13. dxc5 bxc5 14. Na4 c4 15. Nc3 Qa5 16. Nd4 Ne6 17. Bxf6 Bxf6 18. Nf5 Rad8 19. Qc2 {0-1 (31) Rasmussen,S (2059)-Merkistein,S (1890) Faroe Islands 2018}) 13. Bf4 Qd8 (13... Bd6 $2 14. Nb5 Bxf4 15. Nxc7 $18) (13... Qc6 $1 $11) 14. Ne5 (14. Nb5 $16) 14... Nxe5 15. Bxe5 Nd7 16. Bf4 a6 {[%emt 0:03:55] Prevents Nb5.} 17. dxc5 Nxc5 18. Ne2 (18. Re2 $14) 18... Bf6 $11 19. Nd4 g6 20. b4 Ne6 21. Nxe6 Rxe6 22. Rc7 Bc6 23. Qc2 {[%emt 0:01:03] Against Bc3} (23. a3 $11) 23... Rc8 (23... Qe8 $15 24. Rc1 Bb5) 24. Rxc8 Qxc8 25. Rc1 Qe8 26. h3 Qd7 27. Qe2 b5 28. Qg4 Bg7 29. h4 d4 (29... h5 $5 30. Qd1 d4 $15) 30. h5 d3 31. hxg6 hxg6 32. Qd1 {[%emt 0:03:12] [#]} (32. Rd1 $11) 32... Qd5 (32... Bb2 $1 $17 33. Rc5 d2) 33. f3 g5 (33... Bf8 $11 34. Qd2 g5) 34. Rc5 $16 Qd7 (34... gxf4 $16 {was worth a try.} 35. Rxd5 Bxd5) 35. Rxg5 $18 d2 $2 (35... Kf8 {is tougher.}) 36. Bf5 Kf8 37. Bxe6 fxe6 38. Rc5 {[%emt 0:01:52] Prevents Bc3.} e5 39. Bxe5 Bxe5 40. Rxe5 {[%emt 0:00:11][%mdl 4096] Endgame KQR-KQB} Qd3 41. Kf2 Bd5 42. Rxd5 $2 Qxd5 {[%emt 0:00:01] KQ-KQ} 43. Ke2 (43. e4 $16 Qd3 44. e5) 43... Qc4+ $11 44. Kxd2 Qxb4+ 45. Kc2 Qa4+ 46. Kc1 {[%emt 0:00:31] [#] Hoping for Qxa4.} Qxa2 (46... Qa3+ $11 {was preferrable.} 47. Kd2 (47. Kb1 Qb4+ 48. Kc2 Qc4+ 49. Kb1 Qb4+ 50. Qb3 Qe1+ 51. Kc2 Qe2+ 52. Kc3 Qxe3+ 53. Kb4 Qd2+ 54. Kc5 Qxg2 $14) 47... Qb4+ 48. Kc2 Qc5+ 49. Kb1 Qb4+ 50. Qb3 Qe1+ 51. Kc2 Qe2+ 52. Kc3 Qxe3+ 53. Kb4 Qe1+ 54. Kc5 Qf2+ 55. Kb4 Qe1+ 56. Kc5 Qf2+ 57. Kc6 Qxg2) 47. Qd2 (47. Qd6+ $16 Kf7 48. g4) 47... Qa1+ 48. Kc2 Qa4+ 49. Kb2 b4 50. Qd6+ Kg8 51. Qd5+ Kf8 52. Qd6+ Kg8 53. Qd3 {[%emt 0:00:10] Threatens to win with Qb3+. Active counter play!} Kf8 $1 54. g4 {[%emt 0:00:20] Black must now prevent f4.} Qc6 55. Qf5+ Kg8 56. Qg5+ Kh8 (56... Kf7 $11 {keeps the balance.}) 57. Qe5+ $16 Kg8 58. Qb8+ ({White should play} 58. e4 $16 {aiming for Qd5+.} Qb6 59. Qd5+ Kg7 60. e5) 58... Kh7 $11 59. Qxb4 Qxf3 60. Qe7+ Kg8 61. Qe6+ Kh8 62. g5 (62. e4 $14 Qe3 63. e5 (63. Qxa6 Qd2+ 64. Ka3 Qe3+ 65. Kb2 Qd4+ 66. Kc2 Qxe4+ 67. Kd2 Qd4+ 68. Ke2 Qe4+ 69. Kf1 Kg7 $11)) 62... Qg2+ {[%emt 0:00:06] The position is equal.} 63. Ka3 Qxg5 64. Qc8+ Kg7 {[%emt 0:00:09] White really could win this.  Weighted Error Value: White=0.29 (precise) /Black=0.34} 1/2-1/2

[Event "Chessable English Open-ch 2022"]
[Site "Kenilwoth"]
[Date "2022.05.21"]
[Round "6.14"]
[White "Larkin, Benjamin"]
[Black "Parker, Keith"]
[Result "1-0"]
[ECO "D11"]
[WhiteElo "1853"]
[BlackElo "1815"]
[Annotator "NA COMBH"]
[PlyCount "41"]
[EventDate "2022.05.18"]
[EventType "swiss"]
[EventCountry "ENG"]
[SourceTitle "playchess.com"]
[Source "ChessBase"]
[SourceQuality "1"]
[TimeControl "5400+30"]

1. Nf3 d5 2. c4 c6 3. g3 Nf6 4. Bg2 Bf5 5. O-O e6 6. d4 Nbd7 7. Nc3 dxc4 8. h3 h6 9. Re1 Ne4 10. Nh4 Nxc3 11. bxc3 Bh7 12. a4 Be7 13. Nf3 Qa5 14. Qd2 Nf6 15. Ne5 Nd5 16. Nxc4 Qxc3 17. Qxc3 Nxc3 18. Ba3 Ne4 19. Reb1 Bxa3 20. Rxa3 Rb8 21. Bxe4 1-0

[Event "Chessable English Open-ch 2022"]
[Site "Kenilwoth"]
[Date "2022.05.21"]
[Round "6.15"]
[White "Pert, Max"]
[Black "Herring, Samuel"]
[Result "0-1"]
[ECO "D37"]
[WhiteElo "1634"]
[BlackElo "1900"]
[Annotator "TA"]
[PlyCount "144"]
[EventDate "2022.05.18"]
[EventType "swiss"]
[EventCountry "ENG"]
[SourceTitle "playchess.com"]
[Source "ChessBase"]
[SourceQuality "1"]
[TimeControl "5400+30"]

1. d4 d5 2. Nf3 Nf6 3. c4 e6 4. Nc3 a6 5. cxd5 exd5 6. Bg5 {[%emt 0:01:20] D37: Queen's Gambit Declined: 5 Bf4.} Be6 7. e3 Bd6 8. Bd3 {[%emt 0:00:37] White is slightly better.} O-O {[%emt 0:05:02] [#]} 9. Bc2 $146 ({Predecessor:} 9. O-O h6 10. Bh4 Nbd7 11. Bg3 Bxg3 12. hxg3 c6 13. Rc1 Re8 14. Re1 Bg4 15. Qc2 {0-1 (54) Ladron de Guevara Pinto,P (2424)-Merario Alarcon,A (2408) Casabermeja 2021}) 9... Nbd7 10. Qd3 g6 11. h4 h5 12. O-O Bf5 13. Qe2 {[%emt 0:01:00] [#] Hoping for Bxf5.} Bxc2 14. Qxc2 c6 15. Ne2 Qc7 16. Bf4 Ne4 17. Bxd6 Nxd6 18. Nf4 Nf6 19. Rac1 Qd7 20. Ne5 Qf5 21. Qxf5 Nxf5 22. g3 Ne4 23. Nd7 Rfd8 24. Nc5 Nfd6 25. Nfd3 Nxc5 26. Nxc5 f6 27. Kg2 Kf7 28. Rc3 Rab8 29. Rb3 Ke7 30. Rc1 Re8 31. a3 g5 32. Rh1 Rh8 33. Kf3 a5 34. hxg5 fxg5 35. Rb6 Rh7 36. Kg2 h4 37. Rh3 Rg7 38. Rh1 Kf6 39. g4 Rh7 (39... Nc4 $5 40. Rb3 Re7 $15) 40. Rh3 Kg6 41. Nd3 {[%emt 0:01:46] And now Ne5+ would win.} Nc4 42. Rb3 Re8 {[%emt 0:01:41] ...Re4 is the strong threat.} 43. a4 $2 (43. Rc3 $11 {and White has nothing to worry.}) 43... Rf7 $2 (43... Re4 $19 44. Nc5 Rxg4+ 45. Kh1 Rf7) 44. Nc5 (44. Rc3 $11 {keeps the balance.}) 44... Ref8 {[%emt 0:01:27] Black is more active.} (44... Ree7 $17 45. Rh1 b6) 45. Nd3 $11 Kg7 46. Rc3 $2 {[%emt 0:00:54][%mdl 8192] [#] Black continues to play with concentration.} (46. Rh1 $11 {and White is okay.}) 46... Nxb2 $1 $19 47. f4 Nxd3 ({Worse is} 47... Nxa4 48. Ra3 Nb6 49. Ne5 $17) 48. Rxd3 gxf4 49. Rxh4 {[%emt 0:00:14][%mdl 4096] Endgame KRR-KRR} Kg6 50. exf4 Rxf4 51. Kg3 Rf1 52. Rb3 R8f7 53. Re3 Rg1+ 54. Kh2 Ra1 55. Re6+ Kg7 56. Rhh6 Rxa4 57. Kg3 (57. Reg6+ $142 Kf8 58. Rh8+ Ke7 59. Rb8) 57... Rxd4 58. Kh4 Re4 {[%emt 0:00:58] Strongly threatening ...Rxe6.} 59. Reg6+ Kf8 60. Kh5 a4 61. g5 a3 62. Rh8+ Ke7 {[%emt 0:00:01] aiming for ...Ra4.} 63. Ra8 {[%emt 0:00:17] Prevents Ra4.} Re3 64. Rgg8 $2 (64. Ra7 Rb3 65. Rxc6) 64... Kd6 {[%emt 0:00:57] Black is clearly winning.} 65. Kg6 Rf2 66. Rgd8+ Kc5 67. Ra5+ Kb4 68. Rda8 b5 69. Kh7 Rh3+ 70. Kg7 Rg3 71. Kh6 Rh2+ 72. Kg7 Rxg5+ {[%emt 0:00:12] Weighted Error Value: White=0.31/Black=0.14 (very precise)} 0-1

[Event "Chessable English Open-ch 2022"]
[Site "Kenilwoth"]
[Date "2022.05.22"]
[Round "7.1"]
[White "Hebden, Mark L"]
[Black "Arkell, Keith C"]
[Result "1/2-1/2"]
[ECO "B13"]
[WhiteElo "2452"]
[BlackElo "2367"]
[Annotator "TA"]
[PlyCount "41"]
[EventDate "2022.05.18"]
[EventType "swiss"]
[EventCountry "ENG"]
[SourceTitle "playchess.com"]
[Source "ChessBase"]
[SourceQuality "1"]
[TimeControl "5400+30"]

1. e4 c6 2. d4 d5 3. exd5 cxd5 4. Bd3 Nc6 5. c3 Nf6 6. Bf4 Bg4 7. Qb3 Qd7 8. Nd2 e6 9. Ngf3 Bxf3 10. Nxf3 Bd6 11. Bxd6 Qxd6 12. O-O {[%emt 0:00:31] [#]} {Predecessor:} O-O $146 {B13: Caro-Kann: Exchange Variation and Panov-Botvinnik Attack.} 13. Rae1 Qc7 14. Qc2 Rac8 15. Qe2 a6 16. g3 b5 17. a3 Rfe8 18. Kg2 Rb8 19. h4 h6 20. Rh1 Nd7 21. Bb1 {0-1 (51) Kovalev,V (2636)-Riazantsev,A (2666) Sochi 2017} 1/2-1/2